TOP OF THE 1ST |
---|
South Carolina Gamecocks batting - Pitching for Washington Huskies : LHP Bill Parry | Pitching: LHP Bill Parry | | Batting: RHB Gerardo Gallegos | 0-0: SINGLE (Line Drive, 4) | Batting: LHB Eric Martin | 0-0: Called Strike 0-1: Called Strike 0-2: Ball 1-2: Foul Ball, location: 2F 1-2: Ball 2-2: Strikes out swinging | Batting: RHB Luis Mercado | 0-0: Foul Ball, location: 2F 0-1: Ball 1-1: SINGLE (Line Drive, 78M) Gerardo Gallegos to second | Batting: RHB Brandon Smith | 0-0: Ball 1-0: Called Strike 1-1: Foul Ball, location: 2F 1-2: Ball 2-2: Strikes out swinging | Batting: RHB Earl Davis | 0-0: Ball 1-0: Foul Ball, location: 2F 1-1: Foul Ball, location: 2F 1-2: Strikes out looking | Top of the 1st over - 0 runs, 2 hits, 0 errors, 2 left on base; South Carolina 0 - Washington 0 | BOTTOM OF THE 1ST |
---|
Washington Huskies batting - Pitching for South Carolina Gamecocks : RHP Doug Lowe | Pitching: RHP Doug Lowe | | Batting: RHB Jarrett Marshall | 0-0: Foul Ball, location: 2F 0-1: Swinging Strike 0-2: Ball 1-2: Strikes out looking | Batting: RHB Patrick Chávez | 0-0: Called Strike 0-1: Ball 1-1: Ball 2-1: Ball 3-1: Ground out 4-3 (Groundball, 4) | Batting: RHB Jake Townsend | 0-0: Called Strike 0-1: SINGLE (Groundball, 6D) | Batting: RHB Jesús López | 0-0: Foul Ball, location: 2F 0-1: Fly out, F9 (Flyball, 89D) | Bottom of the 1st over - 0 runs, 1 hit, 0 errors, 1 left on base; South Carolina 0 - Washington 0 | TOP OF THE 2ND |
---|
South Carolina Gamecocks batting - Pitching for Washington Huskies : LHP Bill Parry | Batting: RHB Mike Connor | 0-0: Ball 1-0: Swinging Strike 1-1: Ball 2-1: Called Strike 2-2: Foul Ball, location: 2F 2-2: Strikes out looking | Batting: RHB Reggie Gordon | 0-0: Ball 1-0: Ball 2-0: Swinging Strike 2-1: Swinging Strike 2-2: Strikes out swinging | Batting: RHB John Lindsey | 0-0: Called Strike 0-1: Foul Ball, location: 2F 0-2: Ball 1-2: Strikes out swinging | Top of the 2nd over - 0 runs, 0 hits, 0 errors, 0 left on base; South Carolina 0 - Washington 0 | BOTTOM OF THE 2ND |
---|
Washington Huskies batting - Pitching for South Carolina Gamecocks : RHP Doug Lowe | Batting: RHB Ben Johnson | 0-0: Ball 1-0: Ball 2-0: Ball 3-0: Base on Balls | Batting: RHB Roberto Silva | 0-0: Called Strike 0-1: SINGLE (Line Drive, 6) Ben Johnson to second | Batting: RHB Shawn Shirley | 0-0: Ball 1-0: Ball 2-0: Ball 3-0: Called Strike 3-1: Base on Balls Ben Johnson to third Roberto Silva to second | Batting: RHB Jorge Fernández | 0-0: Ball Wild Pitch! Ben Johnson scores Roberto Silva to third Shawn Shirley to second 1-0: Called Strike 1-1: Called Strike 1-2: Strikes out swinging | Batting: RHB Fernando Ornelas | 0-0: Called Strike 0-1: Ball 1-1: Swinging Strike 1-2: Fly out, F8 (Flyball, 8LXD) Runner from 3rd tags up, SCORES, no throw | Batting: RHB Jarrett Marshall | 0-0: Ball 1-0: Ball 2-0: Ball 3-0: Called Strike 3-1: Base on Balls | Batting: RHB Patrick Chávez | 0-0: Ball 1-0: 3-RUN HOME RUN (Flyball, 7LD), Distance : 334 ft | Batting: RHB Jake Townsend | 0-0: Foul Ball, location: 2F 0-1: Ball 1-1: Ball 2-1: Fly out, F8 (Flyball, 8RXD) | Bottom of the 2nd over - 5 runs, 2 hits, 0 errors, 0 left on base; South Carolina 0 - Washington 5 | TOP OF THE 3RD |
---|
South Carolina Gamecocks batting - Pitching for Washington Huskies : LHP Bill Parry | Batting: LHB Gilberto Ortíz | 0-0: Ball 1-0: Ball 2-0: Foul Ball, location: 2F 2-1: Foul Ball, location: 2F 2-2: Strikes out swinging | Batting: RHB Gerardo Gallegos | 0-0: Ball 1-0: Ground out 5-3 (Groundball, 56S) | Batting: LHB Eric Martin | 0-0: Swinging Strike 0-1: Ball 1-1: Called Strike 1-2: Ball 2-2: DOUBLE (Line Drive, 78D) | Batting: RHB Luis Mercado | 0-0: Ball 1-0: Called Strike 1-1: Swinging Strike 1-2: Strikes out swinging | Top of the 3rd over - 0 runs, 1 hit, 0 errors, 1 left on base; South Carolina 0 - Washington 5 | BOTTOM OF THE 3RD |
---|
Washington Huskies batting - Pitching for South Carolina Gamecocks : RHP Doug Lowe | Batting: RHB Jesús López | 0-0: Called Strike 0-1: Swinging Strike 0-2: Ball 1-2: Ball 2-2: Foul Ball, location: 2F 2-2: Foul Ball, location: 2F 2-2: SINGLE (Groundball, 6MD) | Batting: RHB Ben Johnson | 0-0: Ball 1-0: Swinging Strike 1-1: Called Strike 1-2: Foul Ball, location: 2F 1-2: Fly out, F9 (Flyball, 89M) | Batting: RHB Roberto Silva | 0-0: Ball 1-0: Ball 2-0: Ball 3-0: Called Strike 3-1: Base on Balls Jesús López to second | Batting: RHB Shawn Shirley | 0-0: SINGLE (Groundball, 56D) Jesús López to third Roberto Silva to second Runner from 3rd tries for Home, SAFE, throw made home | Pitching: LHP António Garza | | Batting: RHB Jorge Fernández | 0-0: Fly out, F6 (Line Drive, 6) | Batting: RHB Fernando Ornelas | 0-0: Called Strike 0-1: Ball 1-1: Ball 2-1: Ball 3-1: Base on Balls Roberto Silva to third Shawn Shirley to second | Batting: RHB Jarrett Marshall | 0-0: Foul Ball, location: 2F 0-1: Swinging Strike 0-2: Foul Ball, location: 2F 0-2: Strikes out swinging | Bottom of the 3rd over - 1 run, 2 hits, 0 errors, 3 left on base; South Carolina 0 - Washington 6 | TOP OF THE 4TH |
---|
South Carolina Gamecocks batting - Pitching for Washington Huskies : LHP Bill Parry | Batting: RHB Brandon Smith | 0-0: Foul Ball, location: 2F 0-1: Ball 1-1: SINGLE (Groundball, 3D) | Batting: RHB Earl Davis | 0-0: Called Strike 0-1: Ball 1-1: Foul Ball, location: 2F 1-2: Strikes out swinging | Batting: RHB Mike Connor | 0-0: Ball 1-0: Foul Ball, location: 2F 1-1: Ball 2-1: Ball 3-1: Foul Ball, location: 2F 3-2: Strikes out swinging | Batting: RHB Reggie Gordon | 0-0: Called Strike 0-1: Swinging Strike 0-2: Strikes out swinging | Top of the 4th over - 0 runs, 1 hit, 0 errors, 1 left on base; South Carolina 0 - Washington 6 | BOTTOM OF THE 4TH |
---|
Washington Huskies batting - Pitching for South Carolina Gamecocks : LHP António Garza | Batting: RHB Patrick Chávez | 0-0: Called Strike 0-1: Foul Ball, location: 2F 0-2: Ball 1-2: SINGLE (Line Drive, 8LS) | Batting: RHB Jake Townsend | 0-0: Ball 1-0: Called Strike 1-1: Called Strike 1-2: Foul Ball, location: 2F 1-2: Ball 2-2: Foul Ball, location: 2F 2-2: Ball 3-2: Foul Ball, location: 2F 3-2: 2-RUN HOME RUN (Flyball, 78XD), Distance : 374 ft | Batting: RHB Jesús López | 0-0: Called Strike 0-1: Foul Ball, location: 2F 0-2: Ball 1-2: Ball 2-2: Ball 3-2: Base on Balls | Batting: RHB Ben Johnson | 0-0: Called Strike 0-1: Ball 1-1: Fly out, F4 (Line Drive, 4M) | Batting: RHB Roberto Silva | 0-0: Ball 1-0: Swinging Strike 1-1: Called Strike 1-2: Strikes out looking | Batting: RHB Shawn Shirley | 0-0: Ball 1-0: Fly out, F9 (Line Drive, 9D) | Bottom of the 4th over - 2 runs, 2 hits, 0 errors, 1 left on base; South Carolina 0 - Washington 8 | TOP OF THE 5TH |
---|
South Carolina Gamecocks batting - Pitching for Washington Huskies : LHP Bill Parry | Batting: RHB John Lindsey | 0-0: Ground out 4-3 (Groundball, 4) | Batting: LHB Gilberto Ortíz | 0-0: Foul Ball, location: 2F 0-1: Ball 1-1: Foul Ball, location: 2F 1-2: Ball 2-2: Ball 3-2: Reached on error, E6 (Groundball, 6) | Batting: RHB Gerardo Gallegos | 0-0: Ball 1-0: Ball 2-0: Called Strike 2-1: Foul Ball, location: 2F 2-2: Foul Ball, location: 2F 2-2: Fly out, F8 (Flyball, 8RD) | Batting: LHB Eric Martin | 0-0: Ball 1-0: Called Strike 1-1: Ball 2-1: Ball 3-1: Swinging Strike 3-2: Foul Ball, location: 2F 3-2: SINGLE (Line Drive, 78S) Gilberto Ortíz to second Gilberto Ortíz to third | Pitching: RHP Jake Gardner | | Batting: RHB Luis Mercado | 0-0: Swinging Strike 0-1: Called Strike 0-2: Ball 1-2: Ball 2-2: Strikes out swinging | Top of the 5th over - 0 runs, 1 hit, 1 error, 2 left on base; South Carolina 0 - Washington 8 | BOTTOM OF THE 5TH |
---|
Washington Huskies batting - Pitching for South Carolina Gamecocks : LHP António Garza | Batting: RHB Jorge Fernández | 0-0: Ball 1-0: DOUBLE (Line Drive, 9LM) | Batting: RHB Fernando Ornelas | 0-0: Ball 1-0: Fly out, F4 (Line Drive, 34D) | Batting: RHB Jarrett Marshall | 0-0: Ball 1-0: Fly out, F7 (Flyball, 78D) | Batting: RHB Patrick Chávez | 0-0: Foul Ball, location: 2F 0-1: Swinging Strike 0-2: Ball 1-2: Ground out 6-3 (Groundball, 56) | Bottom of the 5th over - 0 runs, 1 hit, 0 errors, 1 left on base; South Carolina 0 - Washington 8 | TOP OF THE 6TH |
---|
South Carolina Gamecocks batting - Pitching for Washington Huskies : RHP Jake Gardner | Batting: RHB Brandon Smith | 0-0: SINGLE (Flyball, 7LM) | Batting: RHB Earl Davis | 0-0: Ball 1-0: Called Strike 1-1: Swinging Strike 1-2: Fly out, F9 (Flyball, 89M) | Batting: RHB Mike Connor | 0-0: Ball 1-0: Swinging Strike 1-1: Ball 2-1: Foul Ball, location: 2F 2-2: Ball 3-2: Base on Balls Brandon Smith to second | Batting: RHB Reggie Gordon | 0-0: Called Strike 0-1: Swinging Strike 0-2: Strikes out swinging | Batting: RHB John Lindsey | 0-0: Swinging Strike 0-1: Swinging Strike 0-2: Ball 1-2: Strikes out swinging | Top of the 6th over - 0 runs, 1 hit, 0 errors, 2 left on base; South Carolina 0 - Washington 8 | BOTTOM OF THE 6TH |
---|
Washington Huskies batting - Pitching for South Carolina Gamecocks : LHP António Garza | Batting: RHB Jake Townsend | 0-0: Ball 1-0: Called Strike 1-1: Foul Ball, location: 2F 1-2: Fly out, F7 (Flyball, 7D) | Batting: RHB Jesús López | 0-0: Called Strike 0-1: Foul Ball, location: 2F 0-2: Ball 1-2: Foul Ball, location: 2F 1-2: Strikes out swinging | Batting: RHB Ben Johnson | 0-0: Ball 1-0: Ground out 4-3 (Groundball, 4M) | Bottom of the 6th over - 0 runs, 0 hits, 0 errors, 0 left on base; South Carolina 0 - Washington 8 | TOP OF THE 7TH |
---|
South Carolina Gamecocks batting - Pitching for Washington Huskies : RHP Jake Gardner | Batting: LHB Gilberto Ortíz | 0-0: Ball 1-0: Foul Ball, location: 2F 1-1: Called Strike 1-2: SINGLE (Groundball, 4) (infield hit) | Batting: RHB Gerardo Gallegos | 0-0: Called Strike 0-1: Ball 1-1: Foul Ball, location: 2F 1-2: SINGLE (Line Drive, 7S) Gilberto Ortíz to second | Batting: LHB Eric Martin | 0-0: Ball 1-0: Fly out, F8 (Flyball, 8LM) | Batting: RHB Luis Mercado | 0-0: Ball 1-0: Foul Ball, location: 2F 1-1: Swinging Strike 1-2: Ball 2-2: Strikes out swinging | Batting: RHB Brandon Smith | 0-0: Ball 1-0: Ground out 4-3 (Groundball, 4) | Top of the 7th over - 0 runs, 2 hits, 0 errors, 2 left on base; South Carolina 0 - Washington 8 | BOTTOM OF THE 7TH |
---|
Washington Huskies batting - Pitching for South Carolina Gamecocks : LHP António Garza | Batting: RHB Roberto Silva | 0-0: Ball 1-0: Swinging Strike 1-1: Ground out 6-3 (Groundball, 6S) | Batting: RHB Shawn Shirley | 0-0: Ball 1-0: Ball 2-0: Called Strike 2-1: Foul Ball, location: 2F 2-2: Foul Ball, location: 2F 2-2: Fly out, F5 (Line Drive, 56) | Batting: RHB Jorge Fernández | 0-0: Fly out, F6 (Popup, 6MD) | Bottom of the 7th over - 0 runs, 0 hits, 0 errors, 0 left on base; South Carolina 0 - Washington 8 | TOP OF THE 8TH |
---|
South Carolina Gamecocks batting - Pitching for Washington Huskies : RHP Jake Gardner | Batting: RHB Earl Davis | 0-0: Fly out, F4 (Popup, 23) | Batting: RHB Mike Connor | 0-0: Called Strike 0-1: Called Strike 0-2: Strikes out swinging | Batting: RHB Reggie Gordon | 0-0: Foul Ball, location: 2F 0-1: Ball 1-1: Foul Ball, location: 2F 1-2: SINGLE (Line Drive, 4D) | Batting: RHB John Lindsey | 0-0: Ball 1-0: Ball 2-0: Ball 3-0: Called Strike 3-1: SINGLE (Line Drive, 6MD) Reggie Gordon to second | Batting: LHB Gilberto Ortíz | 0-0: Called Strike 0-1: Ground out 4-3 (Groundball, 4M) | Top of the 8th over - 0 runs, 2 hits, 0 errors, 2 left on base; South Carolina 0 - Washington 8 | BOTTOM OF THE 8TH |
---|
Washington Huskies batting - Pitching for South Carolina Gamecocks : LHP António Garza | Batting: RHB Fernando Ornelas | 0-0: SINGLE (Line Drive, 8LS) | Batting: RHB Jarrett Marshall | 0-0: Ball 1-0: Ball 2-0: Ball 3-0: Called Strike 3-1: Foul Ball, location: 2F 3-2: Base on Balls Fernando Ornelas to second | Batting: RHB Patrick Chávez | 0-0: Ball 1-0: Ball 2-0: Ball 3-0: Base on Balls Fernando Ornelas to third Jarrett Marshall to second | Pitching: RHP Tim Pope | | Batting: RHB Jake Townsend | 0-0: Foul Ball, location: 2F 0-1: Ball 1-1: Foul Ball, location: 2F 1-2: Ball 2-2: Foul Ball, location: 2F 2-2: Foul Ball, location: 2F 2-2: Ball 3-2: SINGLE (Groundball, 6MD) Fernando Ornelas scores Jarrett Marshall to third Patrick Chávez to second Runner from 3rd tries for Home, SAFE, throw made at trailing runner, OUT at third! | Batting: RHB Jesús López | 0-0: Foul Ball, location: 2F 0-1: Grounds into double play, 4-6-3 (Groundball, 34) | Bottom of the 8th over - 2 runs, 2 hits, 0 errors, 0 left on base; South Carolina 0 - Washington 10 | TOP OF THE 9TH |
---|
South Carolina Gamecocks batting - Pitching for Washington Huskies : RHP Jake Gardner | Pitching: LHP Robinson González | | Batting: RHB Gerardo Gallegos | 0-0: Called Strike 0-1: Ball 1-1: SINGLE (Line Drive, 78M) | Batting: LHB Eric Martin | 0-0: Called Strike 0-1: Ball 1-1: Foul Ball, location: 2F 1-2: Ball 2-2: SINGLE (Groundball, 6MD) Gerardo Gallegos to second | Batting: RHB Luis Mercado | 0-0: SINGLE (Groundball, 56D) Gerardo Gallegos to third Eric Martin to second | Batting: RHB Brandon Smith | 0-0: Called Strike 0-1: Foul Ball, location: 2F 0-2: Ball 1-2: Strikes out swinging | Batting: RHB Earl Davis | 0-0: Fly out, F9 (Line Drive, 9) Runner from 3rd tags up, SCORES, no throw | Batting: RHB Mike Connor | 0-0: Called Strike 0-1: Called Strike 0-2: Strikes out swinging | Top of the 9th over - 1 run, 3 hits, 0 errors, 2 left on base; South Carolina 1 - Washington 10 | |